 Dungeon Crawl Stone Soup version 0.31.0-11-ge490571c62 (webtiles) character file.

Game seed: 4214406769685153393

16 safid the Ruffian (level 2, 0/23 HPs)
             Began as a Draconian Shapeshifter on Feb 9, 2024.
             Slain by Sigmund
             ... wielding a +0 scythe
              (8 damage)
             ... on level 2 of the Dungeon.
             The game lasted 00:01:04 (842 turns).

safid the Ruffian (Draconian Shapeshifter)           Turns: 842, Time: 00:01:05

Health: 0/23       AC:  4    Str: 16    XL:     2   Next: 41%
Magic:  2/2        EV: 12    Int: 10    God:
Gold:   46         SH:  0    Dex: 10    Spells: 1/1 levels left

rFire   . .          .
                       - Unarmed
rCold   . . .        (no shield)
rNeg    . . .        (body armour unavailable)
rPois   .            (helmet currently unavailable)
rElec   .            (cloak currently unavailable)
rCorr   .            (gloves currently unavailable)
SInv    .            (boots currently unavailable)
Will    .....        (no amulet)
Stlth   +            (no ring)
HPRegen 0.23/turn    (no ring)
MPRegen 0.08/turn

%: no passive effects
@: confused, beast-form
A: beast (slay +1), AC +4, unfitting armour, cold-blooded
a: Begin Untransformation


You were on level 2 of the Dungeon.
You were a hulking beast.
You visited 1 branch of the dungeon, and saw 2 of its levels.

You collected 46 gold pieces.

Inventory:

Talismans
 b - a beast talisman
 c - a flux talisman
Scrolls
 d - a scroll of torment {unknown}
 e - a scroll of amnesia {unknown}
Potions
 a - a potion of lignification
 f - a potion of mutation {unknown}


   Skills:
 + Level 1.1 Fighting
 + Level 1.9 Dodging
 + Level 3.4 Unarmed Combat
 + Level 3.3 Shapeshifting


You had one spell level left.
You didn't know any spells.
Your spell library was empty.

Dungeon Overview and Level Annotations

Branches:
Dungeon (2/15)

Altars:

Shops:
D:1 *

Annotations:
D:2 Sigmund


Innate Abilities, Weirdness & Mutations

You are a hulking beast.
Your limbs bulge with bestial killing power. (Slay +1)
Your plain brown scales are hard. (AC +4)
You cannot fit into any form of body armour.
You are cold-blooded and may be slowed by cold attacks.


Message History

You bump into the rock wall.
Sigmund closely misses you. Sigmund misses you.
You hit Sigmund.
Sigmund is moderately wounded.
Sigmund casts a spell at you.
You are more confused.
There is an open door here.
Sigmund screams, "Die, monster!"
Sigmund gestures at you while chanting.
You are more confused.
You closely miss Sigmund.
Sigmund is moderately wounded.
Sigmund hits you but does no damage.
You bump into the rock wall.
Sigmund barely misses you.
You hit Sigmund.
Sigmund is heavily wounded.
You're too confused to move!
Sigmund casts a spell at you.
You are more confused.
Unknown command.
You miss Sigmund.
Sigmund is heavily wounded.
Sigmund closely misses you.
You bump into the rock wall.
Sigmund hits you with a +0 scythe!
You barely miss Sigmund.
Sigmund is heavily wounded.
Sigmund closely misses you.
You bump into the rock wall.
Sigmund barely misses you.
You punch Sigmund!
Sigmund is severely wounded.
Sigmund hits you with a +0 scythe.
Sigmund points at you and mumbles some strange words.
You are more confused.
Sigmund casts a spell.
Sigmund flickers and vanishes!
Deactivating autopickup; reactivate with Ctrl-A.
Okay, then.
You bump into the rock wall.
Something hits you!
You die...

# #.
##########.###
#.......##...####
#.......####....#
#.......##.'....#
#.......##.#...h#
#.......##.#....#
#..........#....#
#.......####....#
##.......# ######
.........#
##########


There were no monsters in sight!

Vanquished Creatures
  2 bats (D:1)
  An endoplasm (D:1)
  A giant cockroach (D:1)
  A goblin (D:1)
  2 hobgoblins (D:1)
  A kobold (D:1)
  2 ball pythons (D:1)
  4 frilled lizards (D:1)
  2 rats (D:1)
16 creatures vanquished.

Notes
Turn   | Place    | Note
-------+----------+-------------------------------------------
     0 | D:1      | safid the Draconian Shapeshifter began the quest for the
                  | Orb.
     0 | D:1      | Reached XP level 1. HP: 16/16 MP: 1/1
    25 | D:1      | Found Fuuhy's Assorted Antiques.
   131 | D:1      | Reached XP level 2. HP: 19/23 MP: 2/2
   814 | D:2      | Noticed Sigmund
   842 | D:2      | Slain by Sigmund

Illustrated notes

Levels and vault maps discovered:
D:1:      evilmike_arrival_crescent, layout_basic, serial_shops, shop
D:2:      layout_basic, uniq_sigmund

Action                     || total
---------------------------++-------
  Melee: Unarmed           ||    45
         Tailslap          ||     2
 Armour: Skin              ||    20
  Dodge: Dodged            ||    28
